TOP OF THE 1ST |
Vista Panthers batting - Pitching for Jersey Shore D-Bags : RHP Tom Cunningham
|
Pitching: RHP Tom Cunningham
|
|
Batting: LHB Arthur MacDonald
|
0-0: Called Strike 0-1: Ball 1-1: Called Strike 1-2: Fly out, F9 (Flyball, 9LM)
|
Batting: LHB Clyde Yarbrough
|
0-0: Called Strike 0-1: Called Strike 0-2: Ball 1-2: Ball 2-2: Ball 3-2: Foul Ball, location: 2F 3-2: Base on Balls
|
Batting: RHB Jake Reeves
|
0-0: Called Strike Throwing error on steal attempt, E2 Clyde Yarbrough to third 0-1: Ball 1-1: SINGLE (Flyball, 78M) Clyde Yarbrough scores
|
Batting: LHB Dante Owens
|
0-0: Foul Ball, location: 2F 0-1: Ball 1-1: Foul Ball, location: 2F 1-2: Foul Ball, location: 2F 1-2: Fly out, F7 (Flyball, 78D)
|
Batting: RHB Stephen Wilson
|
0-0: Ball 1-0: Foul Ball, location: 2F 1-1: Foul Ball, location: 2F 1-2: Fly out, F8 (Line Drive, 8LM)
|
Top of the 1st over - 1 run, 1 hit, 1 error, 1 left on base; Vista 1 - Jersey Shore 0 |
BOTTOM OF THE 1ST |
Jersey Shore D-Bags batting - Pitching for Vista Panthers : RHP Dillon Nelson
|
Pitching: RHP Dillon Nelson
|
|
Batting: LHB José Delgado
|
0-0: Ball 1-0: Ground out U3 (Groundball, 3)
|
Batting: RHB Ricardo González
|
0-0: Foul Ball, location: 2F 0-1: Foul Ball, location: 2F 0-2: SOLO HOME RUN (Flyball, 9D), Distance : 383 ft
|
Batting: LHB Dave Dodd
|
0-0: Fly out, F7 (Line Drive, 78D)
|
Batting: RHB Ben Morton
|
0-0: Ball 1-0: Swinging Strike 1-1: Foul Ball, location: 2F 1-2: Ball 2-2: Ball 3-2: Strikes out swinging
|
Bottom of the 1st over - 1 run, 1 hit, 0 errors, 0 left on base; Vista 1 - Jersey Shore 1 |
TOP OF THE 2ND |
Vista Panthers batting - Pitching for Jersey Shore D-Bags : RHP Tom Cunningham
|
Batting: LHB Noriaki Sangi
|
0-0: Foul Ball, location: 2F 0-1: Foul Ball, location: 2F 0-2: Ball 1-2: Foul Ball, location: 2F 1-2: Fly out, F7 (Flyball, 78S)
|
Batting: RHB Justin Burgess
|
0-0: Ball 1-0: SINGLE (Flyball, 9LS)
|
Batting: RHB Luis Ríos
|
0-0: Called Strike 0-1: Fly out, F7 (Flyball, 7LSF)
|
Batting: LHB Ramiro Martínez
|
0-0: Fly out, F8 (Flyball, 89D)
|
Top of the 2nd over - 0 runs, 1 hit, 0 errors, 1 left on base; Vista 1 - Jersey Shore 1 |
BOTTOM OF THE 2ND |
Jersey Shore D-Bags batting - Pitching for Vista Panthers : RHP Dillon Nelson
|
Batting: LHB António Cedeño
|
0-0: Ball 1-0: Foul Ball, location: 2F 1-1: Ball 2-1: Fly out, F7 (Flyball, 7LS)
|
Batting: RHB Francisco Sandoval
|
0-0: Ball 1-0: Ball 2-0: SOLO HOME RUN (Flyball, 7LD), Distance : 359 ft
|
Batting: LHB Ray Bryant
|
0-0: Foul Ball, location: 2F 0-1: Called Strike 0-2: Ball 1-2: Strikes out swinging
|
Batting: RHB Tyler Wagner
|
0-0: Ball 1-0: Called Strike 1-1: Swinging Strike 1-2: Ball 2-2: Ground out 1-3 (Groundball, P)
|
Bottom of the 2nd over - 1 run, 1 hit, 0 errors, 0 left on base; Vista 1 - Jersey Shore 2 |
TOP OF THE 3RD |
Vista Panthers batting - Pitching for Jersey Shore D-Bags : RHP Tom Cunningham
|
Batting: LHB Arthur MacDonald
|
0-0: Ball 1-0: Ball 2-0: SOLO HOME RUN (Flyball, 9LD), Distance : 368 ft
|
Batting: LHB Clyde Yarbrough
|
0-0: Ground out U3 (Groundball, 34)
|
Batting: RHB Jake Reeves
|
0-0: Called Strike 0-1: Ball 1-1: Ball 2-1: Called Strike 2-2: Foul Ball, location: 2F 2-2: Ball 3-2: Base on Balls
|
Batting: LHB Dante Owens
|
0-0: Called Strike 0-1: Ball 1-1: Ball 2-1: SINGLE (Line Drive, 78S) Jake Reeves to second
|
Batting: RHB Stephen Wilson
|
0-0: Foul Ball, location: 2F 0-1: Foul Ball, location: 2F 0-2: Ball 1-2: Grounds into double play, 6-4-3 (Groundball, 6)
|
Top of the 3rd over - 1 run, 2 hits, 0 errors, 1 left on base; Vista 2 - Jersey Shore 2 |
BOTTOM OF THE 3RD |
Jersey Shore D-Bags batting - Pitching for Vista Panthers : RHP Dillon Nelson
|
Batting: RHB José Pinto
|
0-0: Called Strike 0-1: Ball 1-1: Foul Ball, location: 2F 1-2: Strikes out swinging
|
Batting: LHB José Delgado
|
0-0: Swinging Strike 0-1: Fly out, F5 (Popup, 5F)
|
Batting: RHB Ricardo González
|
0-0: Foul Ball, location: 2F 0-1: Foul Ball, location: 2F 0-2: Strikes out swinging
|
Bottom of the 3rd over - 0 runs, 0 hits, 0 errors, 0 left on base; Vista 2 - Jersey Shore 2 |
TOP OF THE 4TH |
Vista Panthers batting - Pitching for Jersey Shore D-Bags : RHP Tom Cunningham
|
Batting: LHB Noriaki Sangi
|
0-0: Called Strike 0-1: Fly out, F4 (Flyball, 4D)
|
Batting: RHB Justin Burgess
|
0-0: Ball 1-0: Ball 2-0: Foul Ball, location: 2F 2-1: SINGLE (Flyball, 78S)
|
Batting: RHB Luis Ríos
|
0-0: Called Strike 0-1: Called Strike 0-2: Ball 1-2: Fly out, F5 (Flyball, 5D)
|
Batting: LHB Ramiro Martínez
|
0-0: SINGLE (Groundball, 34D) Justin Burgess to second Runner from 2nd tries for 3rd, SAFE, no throw
|
Batting: LHB Arthur MacDonald
|
0-0: Ball 1-0: Ground out 4-3 (Groundball, 4M)
|
Top of the 4th over - 0 runs, 2 hits, 0 errors, 2 left on base; Vista 2 - Jersey Shore 2 |
BOTTOM OF THE 4TH |
Jersey Shore D-Bags batting - Pitching for Vista Panthers : RHP Dillon Nelson
|
Batting: LHB Dave Dodd
|
0-0: SOLO HOME RUN (Flyball, 89XD), Distance : 396 ft
|
Batting: RHB Ben Morton
|
0-0: Foul Ball, location: 2F 0-1: Ball 1-1: TRIPLE (Flyball, 78XD)
|
Batting: LHB António Cedeño
|
0-0: Foul Ball, location: 2F 0-1: Foul Ball, location: 2F 0-2: Ball 1-2: Reached via error on a dropped throw, E3 Ben Morton scores
|
Batting: RHB Francisco Sandoval
|
0-0: Ball 1-0: Ball 2-0: Swinging Strike 2-1: Ball 3-1: Called Strike 3-2: Strikes out swinging
|
Batting: LHB Ray Bryant
|
0-0: Called Strike 0-1: Called Strike 0-2: Ball 1-2: Foul Ball, location: 2F 1-2: Strikes out swinging
|
Batting: RHB Tyler Wagner
|
0-0: Called Strike 0-1: Called Strike 0-2: Strikes out swinging
|
Bottom of the 4th over - 2 runs, 2 hits, 1 error, 1 left on base; Vista 2 - Jersey Shore 4 |
TOP OF THE 5TH |
Vista Panthers batting - Pitching for Jersey Shore D-Bags : RHP Tom Cunningham
|
Batting: LHB Clyde Yarbrough
|
0-0: Ball 1-0: Foul Ball, location: 2F 1-1: Foul Ball, location: 2F 1-2: Ball 2-2: Ground out 4-3 (Groundball, 4)
|
Batting: RHB Jake Reeves
|
0-0: Ball 1-0: Ball 2-0: Foul Ball, location: 2F 2-1: Ball 3-1: Fly out, F7 (Flyball, 7D)
|
Batting: LHB Dante Owens
|
0-0: Ball 1-0: Ball 2-0: Foul Ball, location: 2F 2-1: Called Strike 2-2: Ball 3-2: Foul Ball, location: 2F 3-2: Base on Balls
|
Batting: RHB Stephen Wilson
|
0-0: Ball 1-0: Foul Ball, location: 2F 1-1: Fly out, F8 (Flyball, 8LS)
|
Top of the 5th over - 0 runs, 0 hits, 0 errors, 1 left on base; Vista 2 - Jersey Shore 4 |
BOTTOM OF THE 5TH |
Jersey Shore D-Bags batting - Pitching for Vista Panthers : RHP Dillon Nelson
|
Batting: RHB José Pinto
|
0-0: Ball 1-0: Ball 2-0: Ball 3-0: Base on Balls
|
Batting: LHB José Delgado
|
0-0: Ball 1-0: Called Strike 1-1: Ball 2-1: Called Strike 2-2: Ball 3-2: Strikes out swinging
|
Batting: RHB Ricardo González
|
0-0: Ball 1-0: Ball 2-0: Fielders Choice at 2nd, 6-4 (Groundball, 6MD)
|
Batting: LHB Dave Dodd
|
0-0: Ball 1-0: Called Strike 1-1: Ball 2-1: Ball 3-1: Called Strike 3-2: Base on Balls Ricardo González to second
|
Batting: RHB Ben Morton
|
0-0: Reached on error, E4 (Groundball, 4) Ricardo González to third Dave Dodd to second
|
Batting: LHB António Cedeño
|
0-0: Fly out, F9 (Flyball, 9D)
|
Bottom of the 5th over - 0 runs, 0 hits, 1 error, 3 left on base; Vista 2 - Jersey Shore 4 |
TOP OF THE 6TH |
Vista Panthers batting - Pitching for Jersey Shore D-Bags : RHP Tom Cunningham
|
Pitching: RHP Howard Joyce
|
|
Batting: LHB Noriaki Sangi
|
0-0: Called Strike 0-1: Ball 1-1: Foul Ball, location: 2F 1-2: Ball 2-2: Foul Ball, location: 2F 2-2: Fly out, F7 (Flyball, 7)
|
Batting: RHB Justin Burgess
|
0-0: Ball 1-0: Ball 2-0: Foul Ball, location: 2F 2-1: Ground out 1-3 (Groundball, 15)
|
Batting: RHB Luis Ríos
|
0-0: Foul Ball, location: 2F 0-1: Ball 1-1: Swinging Strike 1-2: Ball 2-2: Ball 3-2: Base on Balls
|
Batting: LHB Ramiro Martínez
|
0-0: Ball 1-0: Called Strike 1-1: Ball 2-1: Fielders Choice at 2nd, 6-4 (Groundball, 6)
|
Top of the 6th over - 0 runs, 0 hits, 0 errors, 1 left on base; Vista 2 - Jersey Shore 4 |
BOTTOM OF THE 6TH |
Jersey Shore D-Bags batting - Pitching for Vista Panthers : RHP Dillon Nelson
|
Batting: RHB Francisco Sandoval
|
0-0: Ball 1-0: Ball 2-0: Called Strike 2-1: Foul Ball, location: 2F 2-2: Fly out, F9 (Flyball, 9S)
|
Batting: LHB Ray Bryant
|
0-0: Ball 1-0: SOLO HOME RUN (Flyball, 78XD), Distance : 407 ft
|
Pitching: RHP John Hall
|
|
Batting: RHB Tyler Wagner
|
0-0: Ball 1-0: Ball 2-0: Foul Ball, location: 2F 2-1: Swinging Strike 2-2: SOLO HOME RUN (Flyball, 78XD), Distance : 388 ft
|
Batting: RHB José Pinto
|
0-0: Ground out 5-3 (Groundball, 56)
|
Batting: LHB José Delgado
|
0-0: DOUBLE (Line Drive, 89M)
|
Batting: RHB Ricardo González
|
0-0: Ball 1-0: Fly out, F7 (Flyball, 7LS)
|
Bottom of the 6th over - 2 runs, 3 hits, 0 errors, 1 left on base; Vista 2 - Jersey Shore 6 |
TOP OF THE 7TH |
Vista Panthers batting - Pitching for Jersey Shore D-Bags : RHP Howard Joyce
|
Batting: LHB Arthur MacDonald
|
0-0: Foul Ball, location: 2F 0-1: Ball 1-1: Called Strike 1-2: Foul Ball, location: 2F 1-2: Ball 2-2: Ball 3-2: Strikes out swinging
|
Batting: LHB Clyde Yarbrough
|
0-0: Ground out 1-3 (Groundball, 13S)
|
Batting: RHB Jake Reeves
|
0-0: Called Strike 0-1: Called Strike 0-2: Foul Ball, location: 2F 0-2: Foul Ball, location: 2F 0-2: Foul Ball, location: 2F 0-2: Foul Ball, location: 2F 0-2: Ball 1-2: Strikes out swinging
|
Top of the 7th over - 0 runs, 0 hits, 0 errors, 0 left on base; Vista 2 - Jersey Shore 6 |
BOTTOM OF THE 7TH |
Jersey Shore D-Bags batting - Pitching for Vista Panthers : RHP John Hall
|
Batting: LHB Dave Dodd
|
0-0: Ball 1-0: Ground out 1-3 (Groundball, 13)
|
Batting: RHB Ben Morton
|
0-0: Called Strike 0-1: Fly out, F9 (Flyball, 9)
|
Batting: LHB António Cedeño
|
0-0: Ball 1-0: Swinging Strike 1-1: Foul Ball, location: 2F 1-2: Strikes out swinging, 2-3 out at first.
|
Bottom of the 7th over - 0 runs, 0 hits, 0 errors, 0 left on base; Vista 2 - Jersey Shore 6 |
TOP OF THE 8TH |
Vista Panthers batting - Pitching for Jersey Shore D-Bags : RHP Howard Joyce
|
Batting: LHB Dante Owens
|
0-0: Ball 1-0: Ball 2-0: SOLO HOME RUN (Flyball, 9D), Distance : 373 ft
|
Batting: RHB Stephen Wilson
|
0-0: Ground out 5-3 (Groundball, 56S)
|
Batting: LHB Noriaki Sangi
|
0-0: Ball 1-0: Ball 2-0: Ball 3-0: Called Strike 3-1: Foul Ball, location: 2F 3-2: Base on Balls
|
Batting: RHB Justin Burgess
|
0-0: Foul Ball, location: 2F 0-1: Ball 1-1: Ball 2-1: Ball 3-1: Foul Ball, location: 2F 3-2: Strikes out looking
|
Batting: RHB Luis Ríos
|
0-0: Foul Ball, location: 2F 0-1: Ball 1-1: Ball 2-1: Fly out, F3 (Popup, 3S)
|
Top of the 8th over - 1 run, 1 hit, 0 errors, 1 left on base; Vista 3 - Jersey Shore 6 |
BOTTOM OF THE 8TH |
Jersey Shore D-Bags batting - Pitching for Vista Panthers : RHP John Hall
|
Batting: RHB Francisco Sandoval
|
0-0: Called Strike 0-1: Ball 1-1: SINGLE (Groundball, 4MD)
|
Pitching: LHP John Whitaker
|
|
Batting: LHB Ray Bryant
|
0-0: Sac Bunt - play at first, batter OUT! 5-3 Francisco Sandoval to second
|
Batting: RHB Tyler Wagner
|
0-0: Intentional Walk
|
Pitching: RHP José Betancourt
|
|
Batting: RHB José Pinto
|
0-0: Swinging Strike 0-1: Foul Ball, location: 2F 0-2: Ball 1-2: Ball 2-2: Strikes out swinging
|
Batting: LHB José Delgado
|
0-0: Called Strike 0-1: Ground out 4-3 (Groundball, 4M)
|
Bottom of the 8th over - 0 runs, 1 hit, 0 errors, 2 left on base; Vista 3 - Jersey Shore 6 |
TOP OF THE 9TH |
Vista Panthers batting - Pitching for Jersey Shore D-Bags : RHP Howard Joyce
|
Pitching: LHP Hyo-chin Kim
|
|
Now in RF: Mike Ingram
|
|
Batting: LHB Ramiro Martínez
|
0-0: Foul Ball, location: 2F 0-1: Swinging Strike 0-2: DOUBLE (Line Drive, 9LM)
|
Batting: LHB Arthur MacDonald
|
0-0: Ball 1-0: Ball 2-0: Fly out, F9 (Flyball, 9S)
|
Batting: LHB Clyde Yarbrough
|
0-0: Fly out, F7 (Flyball, 78S)
|
Now in LF: Ed Murray
|
|
Batting: RHB Jake Reeves
|
0-0: Ball 1-0: Foul Ball, location: 2F 1-1: Swinging Strike 1-2: Ball 2-2: 2-RUN HOME RUN (Flyball, 7D), Distance : 385 ft
|
Batting: LHB Dante Owens
|
0-0: Called Strike 0-1: Foul Ball, location: 2F 0-2: Ground out 1-3 (Groundball, 13S)
|
Top of the 9th over - 2 runs, 2 hits, 0 errors, 0 left on base; Vista 5 - Jersey Shore 6 |
|